Map: Kairos Junction LE

Players

Erik

  • Race: Zerg Zerg
  • League: Master
  • Spawn Location: 5:00

SpeCial - Winner!

  • Race: Terran Terran
  • Spawn Location: 11:00

Event: 2019 WCS Winter Americas

VOD

Have the link to the VOD?

Description

Time

  • Played on: Jan. 31, 2019, 3:59 p.m.
  • Length: 11:27

All games in this series

Show
View Real Time Build Order
Export as new Build Order

Erik Zerg 

Build Orders: Hatch First, Muta Ling Bane 

Get SALT Encoding   

  12  0:01  Drone  
  13  0:12  Overlord  
  13  0:17  Drone  
  14  0:31  Drone x2  
  16  0:48  Hatchery  
  15  0:51  Drone  
  15  0:54  Drone  
  17  0:58  Drone  
  18  1:08  Extractor  
  17  1:14  Spawning Pool  
  17  1:17  Drone  
  17  1:20  Drone  
  18  1:28  Drone  
  19  1:39  Drone  
  20  1:50  Overlord  
  20  2:01  Queen x2  
  20  2:02  Zergling x4  
  26  2:08  Metabolic Boost  
  26  2:12  Drone x2  
  28  2:22  Drone x2  
  30  2:34  Overlord  
  30  2:35  Drone  
  31  2:41  Queen  
  31  2:43  Drone  
  33  2:53  Queen  
  33  2:54  Overlord  
  33  2:55  Drone x2  
  37  3:05  Zergling x2  
  37  3:07  Drone  
  39  3:15  Drone x6  
  45  3:20  Queen, Drone  
  45  3:25  Drone  
  49  3:31  Drone  
  50  3:38  Drone  
  50  3:41  Hatchery  
  50  3:43  Queen  
  50  3:44  Overlord  
  52  3:54  Overlord  
  52  4:03  Zergling x4  
  52  4:04  Zergling x4  
  52  4:05  Drone x2  
  52  4:07  Extractor, Drone  
  58  4:13  Drone x2  
  58  4:14  Drone, Baneling Nest  
  60  4:17  Hatchery  
  60  4:21  Drone x2  
  60  4:27  Lair  
  60  4:29  Drone x2  
  60  4:30  Extractor x2  
  60  4:36  Spore Crawler x2  
  58  4:40  Drone x4  
  62  4:51  Drone x3  
  62  4:52  Drone  
  63  5:02  Drone x3  
  63  5:05  Queen  
  68  5:08  Drone x3  
  68  5:14  Drone x2  
  73  5:20  Drone  
  74  5:28  Evolution Chamber  
  73  5:29  Overlord  
  73  5:31  Evolution Chamber, Queen, Spire  
  73  5:32  Drone  
  73  5:33  Drone  
  73  5:35  Drone  
  76  5:37  Extractor  
  75  5:44  Drone x5  
  75  5:48  Overlord x2  
  80  5:51  Centrifical Hooks  
  79  6:01  Zergling x16  
  79  6:02  Extractor  
  79  6:03  Baneling x3  
  86  6:10  Drone x5  
  91  6:11  Extractor  
  91  6:14  Drone x3  
  91  6:16  Drone x2  
  95  6:22  Zerg Melee Weapons Level 1  
  95  6:23  Zerg Ground Armor Level 1  
  95  6:27  Baneling x3  
  95  6:28  Baneling  
  94  6:34  Zergling x14  
  100  6:47  Overlord  
  100  6:48  Overlord x2  
  100  6:49  Zergling x6  
  100  7:09  Mutalisk x10  
  117  7:17  Zerg Flyer Weapons Level 1  
  117  7:18  Drone x2  
  117  7:19  Drone x4  
  117  7:20  Drone  
  124  7:31  Overlord x4  
  114  7:43  Zergling x14  
  119  7:48  Queen  
  119  7:49  Overlord x3  
  121  7:57  Mutalisk x6  
  133  8:01  Baneling x6  
  133  8:03  Zergling x2  
  134  8:11  Zergling x8  
  136  8:20  Zergling x2  
  136  8:21  Zergling x10  
  136  8:22  Hatchery  
  133  8:31  Zergling x16  
  127  8:41  Mutalisk x3  
  125  8:50  Zergling x6  
  125  8:51  Zergling x6  
  112  8:55  Mutalisk  
  112  8:56  Mutalisk x4  
  112  9:01  Zergling x2  
  118  9:09  Zergling x6  
  122  9:10  Zergling x2  
  122  9:11  Baneling x4  
  116  9:20  Zergling x10  
  112  9:28  Mutalisk x3  
  112  9:31  Baneling x8  
  113  9:33  Zergling x2  
  113  9:43  Zergling x12  
  105  9:54  Zergling x6  
  107  10:02  Mutalisk x3  
  112  10:09  Mutalisk x3  
  112  10:11  Zergling x2  
  112  10:12  Zergling x12  
  116  10:19  Zergling x2  
  116  10:20  Zergling x2  
  112  10:26  Zergling x2  
  112  10:27  Zergling x2  
  108  10:31  Mutalisk x3  
  108  10:35  Zergling x14  
  121  10:42  Mutalisk x2  
  119  10:49  Zergling x8  
  113  11:00  Drone  
  113  11:01  Drone x2  
  113  11:03  Mutalisk x2  
  120  11:07  Zergling x6  
  120  11:08  Zergling x12  
  120  11:09  Baneling x6  
  120  11:10  Baneling  
Show
View Real Time Build Order
Export as new Build Order

SpeCial Terran - Winner!

Build Orders: Liberator Opening, Reaper Expand 

Get SALT Encoding   

  12  0:00  SCV  
  13  0:13  SCV  
  14  0:17  Supply Depot  
  14  0:25  SCV  
  15  0:39  SCV  
  15  0:41  Barracks  
  16  0:44  Refinery  
  16  0:51  SCV  
  17  1:03  SCV  
  18  1:15  SCV  
  19  1:28  Reaper  
  19  1:29  Orbital Command  
  20  1:40  Command Center  
  20  1:50  Supply Depot  
  20  1:55  SCV  
  20  2:00  Marine  
  22  2:09  Factory  
  22  2:11  SCV  
  23  2:19  Refinery  
  23  2:22  Barracks Reactor  
  23  2:27  SCV  
  24  2:39  SCV  
  25  2:53  SCV, Orbital Command  
  25  2:56  Starport  
  26  3:05  SCV  
  27  3:06  Hellion  
  27  3:07  Hellion  
  27  3:11  Marine  
  32  3:17  Supply Depot  
  32  3:18  SCV  
  33  3:20  SCV  
  33  3:22  Liberator  
  34  3:28  Hellion x2  
  34  3:30  SCV  
  34  3:31  Barracks Tech Lab  
  39  3:36  SCV  
  42  3:42  SCV  
  42  3:43  Supply Depot  
  42  3:48  SCV  
  44  3:53  Hellion x2  
  44  3:54  SCV  
  49  4:06  Command Center  
  49  4:09  SCV  
  50  4:11  SCV  
  50  4:15  Stimpack  
  51  4:21  SCV  
  51  4:23  SCV  
  53  4:28  Barracks  
  53  4:30  Factory Tech Lab  
  53  4:31  Starport Reactor  
  53  4:32  Barracks, Marine  
  53  4:37  SCV x2  
  56  4:49  SCV  
  56  4:50  Marine  
  48  4:55  Engineering Bay  
  48  4:56  SCV  
  48  4:58  Engineering Bay, Siege Tank  
  50  5:08  SCV x2, Marine  
  53  5:16  Starport Reactor  
  53  5:18  Marine  
  53  5:19  Marine  
  53  5:20  Orbital Command  
  55  5:23  Refinery  
  55  5:24  SCV, Refinery  
  55  5:25  SCV  
  55  5:28  Terran Infantry Weapons Level 1, Terran Infantry Armor Level 1  
  57  5:30  Marine x3  
  57  5:31  Siege Tank  
  63  5:36  SCV, Supply Depot  
  63  5:37  SCV  
  63  5:40  Marine  
  63  5:41  Marine  
  67  5:48  Marine  
  67  5:49  SCV  
  69  5:50  Marine x2  
  69  5:51  Orbital Command  
  69  5:56  Supply Depot  
  71  5:57  Medivac  
  71  5:58  Marine x2  
  71  5:59  Medivac  
  71  6:02  SCV  
  78  6:05  SCV  
  78  6:06  Marine  
  78  6:08  Marine x2  
  82  6:16  SCV, Marine  
  82  6:17  SCV, Barracks x2  
  85  6:19  SCV  
  85  6:20  Marine, Supply Depot  
  85  6:24  Marine  
  88  6:26  Marine x2  
  88  6:28  Siege Tank  
  88  6:31  Combat Shield  
  93  6:41  SCV x2, Marine x2  
  93  6:42  SCV, Supply Depot  
  93  6:43  Marine  
  93  6:44  Marine  
  100  6:47  Marine  
  101  6:55  SCV, Medivac  
  101  7:04  SCV, Medivac, Marine x2  
  101  7:06  Barracks Reactor x2  
  101  7:07  Supply Depot x2  
  106  7:10  SCV x2  
  106  7:11  Marine  
  108  7:18  SCV  
  108  7:21  Armory  
  109  7:23  Supply Depot  
  109  7:29  SCV, Siege Tank, Marine x4  
  117  7:35  Marine  
  117  7:42  SCV x2  
  119  7:44  Missile Turret x3  
  119  7:46  Marine x2  
  119  7:47  Marine x3  
  119  7:48  Marine x3  
  127  7:53  Marine  
  128  8:02  Refinery  
  128  8:03  Marine, Supply Depot x2  
  128  8:04  Marine x4  
  133  8:05  Supply Depot  
  133  8:14  Marine x2  
  133  8:15  Marine  
  132  8:20  Terran Infantry Weapons Level 2, Medivac, Terran Infantry Armor Level 2  
  132  8:21  Marauder, Supply Depot  
  132  8:22  Supply Depot  
  132  8:24  Medivac, Marine  
  132  8:25  SCV x2  
  137  8:32  Marine x2  
  137  8:33  Marine x3  
  140  8:37  SCV  
  136  8:45  Siege Tank  
  138  8:50  Medivac, Marine  
  138  8:51  Marine x2  
  138  8:54  Medivac, Marine  
  138  8:55  Marine x2  
  139  8:56  Marine x2  
  139  8:59  Marine  
  133  9:04  SCV x2  
  133  9:08  Marine x2  
  133  9:09  Marine  
  132  9:12  Marine  
  132  9:13  Marine x2  
  132  9:14  Marine x2  
  132  9:16  Marine  
  133  9:20  Medivac  
  133  9:22  Terran Vehicle And Ship Armor Level 1  
  133  9:25  Marine  
  133  9:26  Marine x2  
  133  9:29  Marine  
  133  9:30  Medivac, Marine  
  133  9:31  Marine  
  141  9:32  Marine x2  
  141  9:35  Marauder  
  141  9:36  Command Center  
  145  9:43  Marine  
  145  9:44  Factory Reactor, Marine x2  
  138  9:47  Marine  
  138  9:48  Marine x2  
  138  9:50  Medivac  
  128  9:53  Marine x2  
  128  9:56  Marine  
  126  10:01  Marine  
  126  10:02  Marine x2, Barracks  
  126  10:03  Missile Turret, Barracks  
  126  10:04  Barracks  
  126  10:05  Marine  
  126  10:06  Marine x2  
  131  10:11  Marine x2  
  131  10:13  Liberator, Marine  
  124  10:19  Marine  
  124  10:20  Marine x2  
  119  10:21  Widow Mine x2  
  119  10:23  Marine  
  119  10:24  Marine x2  
  119  10:27  SCV  
  119  10:28  SCV x2, Marine  
  121  10:29  Marine  
  121  10:31  Marine  
  122  10:37  Marine x2  
  122  10:38  Marine  
  122  10:41  Marine  
  122  10:42  Marine x2  
  122  10:46  Marine x2  
  122  10:49  Marine  
  119  10:54  Marine  
  119  10:55  Marine x2  
  119  10:56  Marine x3  
  125  10:58  Marine, Widow Mine x2  
  125  10:59  Marine  
  125  11:00  Marine  
  132  11:04  Marine x2  
  132  11:07  Marine  
Tags
 
Add a new tag
Caveats
  • Supply blocks, unpowered buildings, or Contaminate may cause inaccurate times.
  • Supply counts are checked every 10 seconds.